 Dungeon Crawl Stone Soup version 0.18.1-50-g88ac8fd (webtiles) character file.

253 Gargoyl the Skirmisher (level 5, 0/37 HPs)
             Began as a Demonspawn Abyssal Knight on Oct 9, 2016.
             Was a Priest of Lugonu.
             Succumbed to Crazy Yiuf's poison
             ... on level 3 of the Dungeon.
             The game lasted 00:06:37 (3444 turns).

Gargoyl the Skirmisher (Demonspawn Abyssal Knight)  Turns: 3444, Time: 00:06:37

Health: 0/37       AC: 10    Str: 18    XL:     5   Next: 90%
Magic:  7/7        EV:  4    Int: 19    God:    Lugonu [***...]
Gold:   243        SH:  7    Dex: 12    Spells: 0 memorised, 4 levels left

rFire  . . .     SeeInvis .     a - +1 hand axe
rCold  . . .     Gourm    .     d - +0 chain mail
rNeg   . . .     Faith    .     i - +0 shield
rPois  .         Spirit   .     (helmet restricted)
rElec  .         Dismiss  .     r - +0 cloak
rCorr  .         Reflect  .     (no gloves)
SustAt .         Harm     .     (no boots)
MR     .....     Rnd*Rage +     (no amulet)
Stlth  ..........               (no ring)
                                (no ring)

@: mighty, brilliant, lethally poisoned (0 -> -2), drained, not resistant to
hostile enchantments, extremely unstealthy
A: antennae 2, claws 1, berserk 1, demonic guardian 1, frail 1
a: Depart the Abyss, Bend Space, Banish, Renounce Religion


You were on level 3 of the Dungeon.
You worshipped Lugonu.
Lugonu was most pleased with you.
You were hungry.

You visited 1 branch of the dungeon, and saw 3 of its levels.
You visited the Abyss 1 time.

You collected 243 gold pieces.

Inventory:

Hand Weapons
 a - a +1 hand axe (weapon)
Armour
 d - a +0 chain mail (worn)
 i - a +0 shield (worn)
 r - a +0 cloak (worn)
Wands
 o - a wand of paralysis (21/24)
Scrolls
 b - 2 scrolls of enchant weapon {unknown}
 e - 3 scrolls of identify
 g - a scroll of immolation {unknown}
 h - 2 scrolls of enchant armour {unknown}
 j - a scroll of teleportation {unknown}
 k - 2 scrolls of magic mapping {unknown}
 l - 2 scrolls of amnesia {unknown}
 m - a scroll of remove curse {unknown}
 u - a scroll of random uselessness {unknown}
Books
 q - a book of Misfortune

   Spells                             Type                      Level
   a - Confusing Touch                Hexes                        2
   b - Confuse                        Hexes                        3
   c - Gell's Gravitas                Hexes/Translocation          3
   d - Petrify                        Transmutation/Earth          4
   e - Metabolic Englaciation         Hexes/Ice                    5
   f - Yara's Violent Unravelling     Hexes/Transmutation          5
Comestibles
 c - 2 bread rations
 f - a beef jerky
 n - a royal jelly
 p - a meat ration


   Skills:
 + Level 4.1(3.7) Fighting
 + Level 2.1(1.8) Axes
 * Level 3.8(3.4) Armour
 + Level 1.3(1.0) Dodging
 + Level 1.3(0.9) Shields
 * Level 3.8(3.4) Invocations


You had 4 spell levels left.
You didn't know any spells.

Dungeon Overview and Level Annotations

Branches:
Dungeon (3/15)

Altars:
Fedhas
Nemelex Xobeh
Xom


Innate Abilities, Weirdness & Mutations

You have a pair of antennae on your head.
You have sharp fingernails.
A weak demonic guardian rushes to your aid.
You tend to lose your temper in combat.
You are frail (-10% HP).


Message History

You block Crazy Yiuf's attack.
You hit Crazy Yiuf but do no damage.
Crazy Yiuf is almost dead.
* * * LOW HITPOINT WARNING * * *
You feel sick. Crazy Yiuf hits you but does no damage.
You slash Crazy Yiuf!
You kill Crazy Yiuf!
Lugonu accepts your kill.
You can now banish your foes.
* * * LOW HITPOINT WARNING * * *
You feel sick.
Things that are here:
a quarterstaff of chaos; a cloak
r - a cloak You start putting on your armour.
You continue putting on your cloak.
Keep equipping yourself?
* * * LOW HITPOINT WARNING * * *
You feel sick.
You continue putting on your cloak. x3
You finish putting on your +0 cloak.
You die...

.<.............####..........#
.....#.......................#
....###.......#######....#...#
##### ##....### ########.#
###### #.# #######.##
########.#.P.'..#
#...##..#.P#....#
#.@)..####......# #)..###
##.)+.## ##### ######


There were no monsters in sight!

Vanquished Creatures
  Crazy Yiuf (D:3)
  Natasha (twice) (D:3)
  Robin (D:2)
  2 adders
  An ooze (D:3)
  A worm (D:3)
  2 dart slugs (D:1)
  2 giant geckos
  5 orcs (D:3)
  6 bats
  3 giant cockroaches
  12 goblins
  14 hobgoblins
  9 kobolds
  2 giant newts
  7 rats
  3 fungi (D:3)
73 creatures vanquished.

Vanquished Creatures (collateral kills)
  A hound (D:3)
  An orc wizard (D:3)
  Natasha (D:3)
  A hobgoblin (D:3)
  A goblin (D:2)
5 creatures vanquished.

Grand Total: 78 creatures vanquished

Notes
Turn   | Place    | Note
--------------------------------------------------------------
     0 | Abyss:1  | Gargoyl the Demonspawn Abyssal Knight began the quest for the Orb.
     0 | Abyss:1  | Reached XP level 1. HP: 18/18 MP: 2/2
    67 | Abyss:1  | Noticed a freezing wraith
    67 | D:1      | Escaped the Abyss
   398 | D:1      | Gained mutation: A weak demonic guardian rushes to your aid. [demonic ancestry]
   398 | D:1      | Reached XP level 2. HP: 22/24 MP: 3/3
   766 | D:2      | Reached * piety under Lugonu
   892 | D:2      | Gained mutation: You have a pair of small antennae on your head. [demonic ancestry]
   892 | D:2      | Reached XP level 3. HP: 7/29 MP: 5/5
  1319 | D:2      | Found a blossoming altar of Fedhas.
  1339 | D:2      | Reached skill level 1 in Dodging
  1370 | D:2      | Noticed Robin
  1390 | D:2      | Killed Robin
  1770 | D:2      | Gained mutation: You have sharp fingernails. [demonic ancestry]
  1770 | D:2      | Reached XP level 4. HP: 34/37 MP: 6/6
  1836 | D:2      | Found a shimmering altar of Xom.
  2004 | D:2      | Reached ** piety under Lugonu
  2107 | D:3      | Found a sparkling altar of Nemelex Xobeh.
  2416 | D:3      | Noticed Natasha
  2429 | D:3      | Killed Natasha
  2654 | D:3      | Reached skill level 1 in Shields
  2654 | D:3      | Reached XP level 5. HP: 37/42 MP: 7/7
  2775 | D:3      | Noticed Natasha
  2793 | D:3      | Killed Natasha
  2907 | D:3      | Reached skill level 4 in Fighting
  3238 | D:3      | Noticed Natasha
  3249 | D:3      | Killed Natasha
  3421 | D:3      | Noticed Crazy Yiuf
  3431 | D:3      | Gained mutation: You tend to lose your temper in combat. [potion of mutation]
  3431 | D:3      | Gained mutation: You have a pair of antennae on your head. [potion of mutation]
  3431 | D:3      | Gained mutation: You are frail (-10% HP). [potion of mutation]
  3436 | D:3      | Killed Crazy Yiuf
  3436 | D:3      | Reached *** piety under Lugonu
  3440 | D:3      | HP: 1/37 [poisoned by Crazy Yiuf]
  3444 | D:3      | Succumbed to Crazy Yiuf's poison

Skill      XL: |  1  2  3  4  5 |
---------------+----------------+-----
Armour         | 2 3 |  3.8
Axes           | 2 |  2.1
Dodging        | 1 |  1.3
Invocations    | 3 |  3.8
Shields        | 1 |  1.3
Fighting       | 4 |  4.1

Action                   |  1- 3 |  4- 6 || total
-------------------------+-------+-------++-------
Melee: Hand axe          |   127 |   172 ||   299
Invok: Depart the Abyss  |     1 |       ||     1
  Use: Potion            |     1 |     6 ||     7
       Scroll            |     1 |       ||     1
  Eat: Chunk             |     3 |     5 ||     8
Armor: Chain mail        |   101 |   129 ||   230
Dodge: Dodged            |    24 |    27 ||    51
Block: Shield            |    45 |    75 ||   120
